 Dungeon Crawl Stone Soup version 0.19.5 (webtiles) character file.

91 McKennaii the Shooter (level 4, -3/30 HPs)
             Began as a High Elf Hunter on May 2, 2017.
             Slain by a gnoll (6 damage)
             ... on level 2 of the Dungeon.
             The game lasted 00:03:32 (3106 turns).

McKennaii the Shooter (High Elf Hunter)             Turns: 3106, Time: 00:03:33

Health: -3/30      AC:  3    Str: 11    XL:     4   Next: 33%
Magic:  5/5        EV: 12    Int: 14    God:
Gold:   107        SH:  0    Dex: 17    Spells: 0 memorised, 3 levels left

rFire  . . .     SeeInvis .     b - +0 short sword
rCold  . . .     Gourm    .     h - +0 leather armour {MR+}
rNeg   . . .     Faith    .     (no shield)
rPois  .         Spirit   .     (no helmet)
rElec  .         Reflect  .     (no cloak)
rCorr  .         Harm     .     (no gloves)
MR     +....                    (no boots)
Stlth  ++........               (no amulet)
                                (no ring)
                                (no ring)

@: no status effects
A: no striking features
a: no special abilities


You were on level 2 of the Dungeon.
You were not hungry.

You visited 1 branch of the dungeon, and saw 3 of its levels.

You collected 107 gold pieces.

Inventory:

Hand Weapons
 a - a +1 shortbow
 b - a +0 short sword (weapon)
Missiles
 d - 20 arrows
Armour
 h - a +0 leather armour of magic resistance (worn)
Rods
 n - a +0 rod of clouds (10/10)
   (You found it on level 2 of the Dungeon)
Scrolls
 c - a scroll of amnesia {unknown}
 e - 4 scrolls of identify
 k - a scroll of remove curse {unknown}
 m - a scroll of immolation {unknown}
Potions
 i - a potion of agility
 l - a potion of brilliance {unknown}
 o - a potion of might {unknown}
 p - a potion of magic {unknown}
 r - a potion of berserk rage {unknown}
Comestibles
 f - a bread ration
 g - 2 royal jellies
 j - 2 beef jerkies
 s - a meat ration


   Skills:
 + Level 2.7 Fighting
 + Level 2.4 Short Blades
 + Level 5.6 Bows
 + Level 1.5 Armour
 + Level 2.3 Dodging
 + Level 1.8 Stealth


You had 3 spell levels left.
You didn't know any spells.

Dungeon Overview and Level Annotations

Branches:
Dungeon (3/15)

Altars:
Hepliaklqana
Vehumet
The Shining One


Message History

You start resting.
Eating a chunk of flesh.
You start eating the chunk of flesh.
This raw flesh tastes terrible.
HP restored.
You climb downwards.
The gnoll hits you. The gnoll barely misses you. x2
There is a stone staircase leading up, spattered with blood here.
The gnoll barely misses you.
The gnoll hits you from afar with a halberd!
The gnoll hits you.
* * * LOW HITPOINT WARNING * * *
You climb upwards.
There is a stone staircase leading down, spattered with blood here.
The gnoll hits you from afar with a spear!
* * * LOW HITPOINT WARNING * * *
The gnoll hits you but does no damage. The gnoll hits you.
* * * LOW HITPOINT WARNING * * *
There is an escape hatch in the ceiling here.
The gnoll hits you.
You die...

############# ############
....#.......# #...........
###.#.#####.# #.##########
###.#.#####.##########.###...####
>............#............._...##
...............g.#####...........
###....####..#.#@# #...........
##########..#.#.# #.....8.....
#.............#.# #...........
#.#'#'#'#'#'#.#.# #.#.........
#.#.#.#.#.#.#.#.# #....._.....
#.###########.#.# #####.......
##.#.#.#.#.#.#.#.##########......
...#'#'#'#'#'#...................
#....................######......


You could see a gnoll.

Vanquished Creatures
  A gnoll (D:2)
  An adder (D:2)
  2 worms
  2 dart slugs
  2 leopard geckos
  3 orcs (D:3)
  2 ball pythons (D:1)
  4 giant cockroaches
  6 goblins
  4 hobgoblins
  5 jackals
  7 kobolds
  2 quokkas
  3 frilled lizards
  11 rats (D:2)
55 creatures vanquished.

Notes
Turn   | Place    | Note
-------+----------+-------------------------------------------
     0 | D:1      | McKennaii the High Elf Hunter began the quest for the Orb.
     0 | D:1      | Reached XP level 1. HP: 14/14 MP: 2/2
   249 | D:1      | Reached XP level 2. HP: 4/20 MP: 3/3
  1286 | D:1      | Reached skill level 1 in Short Blades
  1626 | D:2      | Found a glowing golden altar of the Shining One.
  1628 | D:2      | Found a radiant altar of Vehumet.
  1669 | D:2      | Reached XP level 3. HP: 24/25 MP: 4/4
  2006 | D:2      | Reached skill level 1 in Armour
  2354 | D:2      | Found a hazy altar of Hepliaklqana.
  2500 | D:3      | Reached XP level 4. HP: 19/30 MP: 5/5
  3091 | D:2      | HP: 1/30 [gnoll (1)]
  3106 | D:2      | Slain by a gnoll

Skill      XL: |  1  2  3 |
---------------+----------+-----
Short Blades   | 1 2 |  2.4
Armour         | 1 |  1.5
Fighting       | |  2.7
Bows           | |  5.6
Dodging        | |  2.3
Stealth        | |  1.8

Action                   |  1- 3 |  4- 6 || total
-------------------------+-------+-------++-------
Melee: Short sword       |   194 |    56 ||   250
  Use: Scroll            |       |     1 ||     1
 Stab: Sleeping          |     8 |       ||     8
  Eat: Chunk             |     5 |     2 ||     7
Armor: Leather armour    |    41 |    15 ||    56
Dodge: Dodged            |   105 |    45 ||   150
